 Dungeon Crawl Stone Soup version 0.25.0-1-g7eea58d (webtiles) character file.

Game seed: 4831352535612244809

1403 bogs101 the Thaumaturge (level 8, -5/41 HPs)
             Began as a Deep Elf Wizard on June 22, 2020.
             Was a Believer of Sif Muna.
             Shot with a sling bullet by Joseph (21 damage)
             ... on level 8 of the Dungeon.
             The game lasted 01:37:08 (9557 turns).

bogs101 the Thaumaturge (Deep Elf Wizard)           Turns: 9557, Time: 01:37:08

Health: -5/41      AC:  2    Str: 10    XL:     8   Next: 42%
Magic:  14/26      EV: 13    Int: 26    God:    Sif Muna [**....]
Gold:   273        SH:  0    Dex: 13    Spells: 24/32 levels left

rFire    + . .     SeeInvis .   C - +2 dagger (venom)
rCold    . . .     Gourm    .   (no shield)
rNeg     . . .     Faith    .   a - +0 robe
rPois    .         Spirit   .   b - +0 hat
rElec    .         Reflect  .   (no cloak)
rCorr    .         Harm     .   (no gloves)
MR       .....                  (no boots)
Stlth    +.........             y - amulet "Hune" {Regen+ Str+6}
HPRegen  0.53/turn              t - ring of protection from fire
MPRegen  0.20/turn              x - ring of attention

@: no status effects
A: no striking features
a: Channel Magic, Renounce Religion


You were on level 8 of the Dungeon.
You worshipped Sif Muna.
Sif Muna was pleased with you.
You were not hungry.

You visited 2 branches of the dungeon, and saw 9 of its levels.
You also visited: Sewer.

You collected 273 gold pieces.

Inventory:

Hand Weapons
 q - a +2 whip of electrocution
 C - a +2 dagger of venom (weapon)
 F - a +2 vorpal trident
Missiles
 m - 65 sling bullets
 r - 53 poisoned darts (quivered)
 v - 105 arrows
Armour
 a - a +0 robe (worn)
 b - a +0 hat (worn)
 E - the -1 buckler "Waisuadowe" {rF+}
   (You found it on level 5 of the Dungeon)

   It protects you from fire.
Jewellery
 h - an uncursed amulet of faith {unknown}
 t - a ring of protection from fire (left hand)
 x - a ring of attention (right hand)
 y - the amulet "Hune" (around neck) {Regen+ Str+6}
   (You found it on level 5 of the Dungeon)

   [amulet of regeneration]

   It affects your strength (+6).
   It increases your rate of regeneration.
Wands
 o - a wand of random effects (19)
 z - a wand of digging (7)
Scrolls
 e - 2 scrolls of enchant armour
 f - 5 scrolls of teleportation
 g - a scroll of enchant weapon {unknown}
 j - 5 scrolls of identify
 k - a scroll of fog {unknown}
 l - 10 scrolls of remove curse
 n - a scroll of random uselessness {unknown}
 s - a scroll of blinking {unknown}
 w - a scroll of noise {unknown}
Potions
 c - a potion of berserk rage {unknown}
 i - 6 potions of stabbing
 p - 2 potions of might {unknown}
 u - a potion of degeneration {unknown}
 A - 2 potions of lignification {unknown}
 B - 4 potions of curing
 D - 2 potions of heal wounds {unknown}
 G - 2 potions of flight {unknown}
 H - 3 potions of brilliance
Comestibles
 d - 12 rations
 I - 2 chunks of flesh


   Skills:
 - Level 2.6 Dodging
 - Level 2.8 Stealth
 - Level 12.5 Spellcasting
 * Level 4.3 Conjurations
 - Level 2.0 Summonings
 - Level 1.1 Translocations


You had 24 spell levels left.
You knew the following spells:

 Your Spells              Type           Power        Failure   Level  Hunger
a - Magic Dart            Conj           ####         1%          1    None
b - Blink                 Tloc           N/A          3%          2    None
c - Call Imp              Summ           ####....     2%          2    None
d - Mephitic Cloud        Conj/Pois/Air  ###.....     6%          3    None

Your spell library contained the following spells:

 Spells                   Type           Power        Failure   Level  Hunger
 Conjure Flame            Conj/Fire      ####....     4%          3    None
 Slow                     Hex            ###.....     5%          2    None


Dungeon Overview and Level Annotations

Branches:
Dungeon (8/15)             Temple (1/1) D:4           Sewer (visited)
   Lair: D:8-11

Altars:
Ashenzari
Cheibriados
Dithmenos
Gozag
Nemelex Xobeh
Okawaru
Sif Muna
Yredelemnul

Shops:
D:7 (

Annotations:
D:2 Sigmund
D:3 exclusion: 2 downstairs
D:5 exclusion: centaur
D:6 exclusion: 2 downstairs
D:8 exclusion: upstairs, Joseph


Message History

Casting: Magic Dart (safe; 1% risk of failure)
Confirm with . or Enter, or press ? or * to list all spells.
Aiming: Magic Dart (safe; 1% risk of failure)
Press: ? - help, Shift-Dir - straight line, f/p - Joseph
Aim: Joseph, wielding a +0 hunting sling, wearing a +1 leather armour of cold resistance and quivering 13 sling bullets (almost dead, confused, very poisoned)
The magic dart hits the orc.
The orc is moderately wounded.
Joseph seems less confused.
Your crimson imp blinks!
Casting: Magic Dart (safe; 1% risk of failure)
Confirm with . or Enter, or press ? or * to list all spells.
Aiming: Magic Dart (safe; 1% risk of failure)
Press: ? - help, Shift-Dir - straight line, f/p - Joseph
Aim: Joseph, wielding a +0 hunting sling, wearing a +1 leather armour of cold resistance and quivering 13 sling bullets (almost dead, very poisoned)
The magic dart hits the orc.
You kill the orc!
Sif Muna accepts your kill.
Joseph shoots a sling bullet.
The sling bullet hits you!!
Ouch! That really hurt!
You die...

#...รท.......#....# +....# ..#
#...........#....# +....#...#
#...........#....# ##..%.#...#
#...........'....# #....%....#
#.......5)..#....# ##..P.....#
#...##'######....# #..(%.+...
#...##.....##....######....####
#..........#######'#....5....@.
#..........##...@)@####'###.....
#..........#..............#.....
#..........'....(.........# ....
#..........#..............# ...
#..........######+####5#### ...
#...##.....# ... #^..##.....#
... #...##.....# .. #...##.....#


You could see Joseph (very poisoned) and a friendly crimson imp (summoned).

Vanquished Creatures
  A yak (D:8)
  2 ice beasts
  A sky beast (D:5)
  A phantom (D:4)
  A bullfrog (D:6)
  A bullfrog zombie (D:5)
  A centaur zombie (D:5)
  A crimson imp (D:6)
  A jelly (D:5)
  2 orc priests
  3 orc wizards
  3 gnolls
  2 adders (D:4)
  4 oozes
  An adder zombie (D:5)
  A leopard gecko (D:1)
  4 orcs
  7 bats
  2 giant cockroaches (D:3)
  7 goblins
  4 hobgoblins
  A jackal (D:1)
  9 kobolds
  A ball python (D:1)
  4 frilled lizards
  A giant cockroach zombie (D:5)
  5 rats
71 creatures vanquished.

Vanquished Creatures (collateral kills)
  A water moccasin (D:8)
  2 ogres
  3 big kobolds (Sewer)
  2 crimson imps
  2 hounds
  A jelly (D:8)
  2 orc priests (D:4)
  An iguana (D:4)
  5 orc wizards
  3 worker ants (D:5)
  A hound zombie (D:6)
  8 adders
  10 gnolls
  A shadow imp (D:5)
  A white imp (D:8)
  An ooze (Sewer)
  An adder zombie (D:7)
  An adder skeleton (D:8)
  4 worms
  A dart slug (D:1)
  16 orcs
  4 ball pythons
  3 bats
  11 giant cockroaches
  3 goblins
  4 hobgoblins
  3 jackals (D:1)
  4 quokkas
  A frilled lizard (D:2)
  A jackal zombie (D:5)
  10 kobolds
  A quokka skeleton (D:6)
  2 rats
  A plant (Sewer)
115 creatures vanquished.

Grand Total: 186 creatures vanquished

Notes
Turn   | Place    | Note
-------+----------+-------------------------------------------
     0 | D:1      | bogs101 the Deep Elf Wizard began the quest for the Orb.
     0 | D:1      | Reached XP level 1. HP: 10/10 MP: 7/7
   113 | D:1      | Reached skill level 5 in Spellcasting
   224 | D:1      | Reached XP level 2. HP: 15/15 MP: 5/10
   228 | D:1      | Learned a level 2 spell: Blink
   231 | D:1      | Learned a level 2 spell: Call Imp
   871 | D:1      | Reached XP level 3. HP: 19/19 MP: 3/12
  1601 | D:2      | Reached skill level 6 in Spellcasting
  1733 | D:2      | Reached XP level 4. HP: 24/24 MP: 12/14
  1790 | D:2      | Noticed Sigmund
  2860 | D:3      | Reached skill level 7 in Spellcasting
  3178 | D:4      | Reached XP level 5. HP: 28/28 MP: 6/16
  3239 | D:4      | Found a basalt altar of Yredelemnul.
  4203 | D:4      | Reached skill level 8 in Spellcasting
  4543 | D:4      | Noticed an ogre
  4755 | D:4      | Found a staircase to the Ecumenical Temple.
  4761 | Temple   | Entered the Ecumenical Temple
  4826 | Temple   | Became a worshipper of Sif Muna the Loreminder
  4995 | D:4      | Reached XP level 6. HP: 32/32 MP: 11/19
  5018 | D:4      | Found a sparkling altar of Nemelex Xobeh.
  5137 | D:4      | Reached skill level 9 in Spellcasting
  5479 | D:5      | Entered Level 5 of the Dungeon
  6188 | D:5      | Noticed a sky beast
  6494 | D:4      | Reached skill level 10 in Spellcasting
  6591 | D:5      | Reached XP level 7. HP: 26/36 MP: 15/22
  6740 | D:5      | Got a twitching sapphire amulet
  7416 | D:5      | Got a polished buckler
  7422 | D:5      | Identified the cursed -1 buckler "Waisuadowe" {rF+} (You
                  | found it on level 5 of the Dungeon)
  7422 | D:5      | Identified the amulet "Hune" {Regen+ Str+6} (You found it
                  | on level 5 of the Dungeon)
  7467 | D:5      | Reached skill level 11 in Spellcasting
  7738 | D:6      | Found a glowing drain.
  7752 | D:6      | Reached * piety under Sif Muna
  8137 | Sewer    | Entered a sewer
  8538 | Sewer    | Reached skill level 12 in Spellcasting
  8544 | Sewer    | Reached ** piety under Sif Muna
  8544 | Sewer    | Reached XP level 8. HP: 41/41 MP: 23/26
  9051 | D:6      | Learned a level 3 spell: Mephitic Cloud
  9190 | D:7      | Found Urphabiur's Weapon Emporium.
  9523 | D:8      | Noticed Joseph
  9557 | D:8      | Shot with a sling bullet by Joseph

Illustrated notes

Levels and vault maps discovered:
D:1:      minmay_arrival_pointy, layout_basic, serial_forest,
          infiniplex_forest_straight_2, infiniplex_forest_clump_cross,
          infiniplex_forest_clump_small, infiniplex_forest_lined_2,
          infiniplex_forest_straight_4, infiniplex_forest_end_1,
          minmay_pentomino_q2
D:2:      layout_loops_ring, uniq_sigmund
D:3:      layout_rooms, minmay_misc_feat_square, minmay_distorted
D:4:      layout_basic, yredelemnul_altar_generic,
          lemuel_coloured_pillars_altar, minmay_temple_entry_waves,
          first_ration, st_stairs_4
D:5:      layout_basic, serial_undead, serial_undead_f, serial_undead_e,
          serial_undead_e, serial_undead_f, serial_bayou_pond_c
D:6:      layout_rooms, gup_sewer_entry_glass
D:7:      layout_rooms, kennysheep_mini, serial_shops,
          nicolae_shop_temple_entry_statues_fountains,
          nicolae_shop_competitors_out_of_business, nicolae_shop_trees,
          nicolae_shop_crystal
D:8:      layout_gridville, gammafunk_ghost_necromancy, serial_ice,
          serial_ice_j, serial_ice_b, serial_ice_f, serial_ice_e,
          blue_anna_alchemist [blue_anna_fruit_fields, blue_anna_fruit_fields],
          kennysheep_generic_room_12, uniq_joseph
Temple:   compressed_dpeg_circular_temple

Skill      XL: |  1  2  3  4  5  6  7  8 |
---------------+-------------------------+-----
Spellcasting   | 5 6 7 8 10 12 | 12.5
Summonings     | 2 |  2.0
Conjurations   | 4 |  4.3
Dodging        | |  2.6
Stealth        | |  2.8
Translocations | |  1.1

Action                   |  1- 3 |  4- 6 |  7- 9 || total
-------------------------+-------+-------+-------++-------
Melee: Unarmed           |       |     5 |       ||     5
       Whip              |       |     4 |     3 ||     7
       Dagger            |       |       |    41 ||    41
 Cast: Magic Dart        |    56 |    98 |   100 ||   254
       Call Imp          |    29 |   141 |   101 ||   271
       Blink             |       |     1 |     7 ||     8
       Mephitic Cloud    |       |       |     2 ||     2
  Use: Scroll            |       |       |     9 ||     9
 Stab: Confused          |       |       |     1 ||     1
  Eat: Chunk             |     2 |    11 |    10 ||    23
       Ration            |       |     1 |       ||     1
Armor: Robe              |     2 |     9 |     4 ||    15
Dodge: Dodged            |    11 |    45 |    41 ||    97
